 Dungeon Crawl Stone Soup version 0.29-a0-270-g1586fc07ea (webtiles) character file.

Game seed: 15256557612457590332

623 bande the Covered (level 7, -1/44 HPs)
             Began as a Gargoyle Fighter on Mar 7, 2022.
             Slain by a wight
             ... wielding a +0 scimitar
              (2 damage)
             ... on level 5 of the Dungeon.
             The game lasted 00:06:49 (4915 turns).

bande the Covered (Gargoyle Fighter)                Turns: 4915, Time: 00:06:49

Health: -1/44      AC: 13    Str: 17    XL:     7   Next: 47%
Magic:  7/7        EV:  9    Int:  9    God:
Gold:   263        SH:  5    Dex: 17    Spells: 6/6 levels left

rFire   . . .      SeeInvis .   i - +0 hand axe (venom)
rCold   . . .      Faith    .   c - +0 buckler
rNeg    + + .      Spirit   .   b - +0 scale mail
rPois   ∞          Reflect  .   (helmet restricted)
rElec   +          Harm     .   (no cloak)
rCorr   .          Rampage  .   l - +0 pair of gloves
Will    .....                   (no boots)
Stlth   ..........              (no amulet)
HPRegen 0.14/turn               o - ring of positive energy
MPRegen 0.10/turn               p - +6 ring of dexterity

@: no status effects
A: sickness immunity, AC +4, negative energy resistance 1, electricity
resistance, torment resistance 1, petrification resistance, horns 1, weak 1
a: no special abilities


You were on level 5 of the Dungeon.
You visited 1 branch of the dungeon, and saw 5 of its levels.

You collected 263 gold pieces.

Inventory:

Hand Weapons
 a - a +1 war axe
 i - a +0 hand axe of venom (weapon)
 m - a +0 war axe
 n - a +0 flail
Missiles
 s - 2 throwing nets (quivered)
Armour
 b - a +0 scale mail (worn)
 c - a +0 buckler (worn)
 l - a +0 pair of gloves (worn)
Jewellery
 o - a ring of positive energy (left hand)
 p - a +6 ring of dexterity (right hand)
Scrolls
 f - a scroll of identify
 h - 2 scrolls of enchant weapon
 q - 2 scrolls of teleportation
 r - a scroll of magic mapping
Potions
 d - a potion of might
 e - 3 potions of heal wounds
 g - 2 potions of invisibility
 j - 4 potions of brilliance
 k - 4 potions of curing


   Skills:
 + Level 4.8 Fighting
 + Level 5.0 Axes
 + Level 5.2 Armour
 + Level 4.6 Shields


You had 6 spell levels left.
You didn't know any spells.
Your spell library contained the following spells:

 Spells                   Type           Power      Damage    Failure   Level
 Animate Skeleton         Necr           0%         N/A       86%         1
 Foxfire                  Conj/Fire      0%         2x1d4     86%         1
 Pain                     Necr           0%         1d4       86%         1
 Conjure Flame            Conj/Fire      0%         6-21      99%         3
 Gell's Gravitas          Tloc           0%         N/A       99%         3
 Inner Flame              Hex/Fire       0%         N/A       99%         3
 Lesser Beckoning         Tloc           0%         N/A       99%         3
 Teleport Other           Tloc           0%         N/A       99%         3
 Vampiric Draining        Necr           0%         2d6       99%         3
 Flame Wave               Conj/Fire      0%         2d4       100%        4


Dungeon Overview and Level Annotations

Branches:
Dungeon (5/15)
 Temple: D:4-7

Altars:
The Shining One

Shops:
D:3 [=[


Innate Abilities, Weirdness & Mutations

You are immune to sickness and miasma.
Your stone body is resilient. (AC +4)
You are immune to poison.
You resist negative energy. (rN+)
You are resistant to electric shocks. (rElec)
You are resistant to unholy torment.
You are immune to petrification.
You have a pair of small horns on your head.
You are weak. (Str -2)


Message History

The wight is heavily damaged.
You hit the wight. You block the wight's attack.
The wight hits you but does no damage.
You closely miss the wight.
You headbutt the wight, but do no damage.
The wight is heavily damaged.
You hit the wight but do no damage. You closely miss the wight.
You headbutt the wight, but do no damage.
The wight is moderately damaged.
You barely miss the wight. The wight closely misses you.
You hit the wight but do no damage.
The wight is heavily damaged.
You closely miss the wight. You hit the wight but do no damage.
The wight hits you with a +0 scimitar. The wight hits you with a +0 battleaxe!
The wight hits you with a +0 scimitar.
You hit the wight but do no damage. You headbutt the wight.
The wight is severely damaged.
You hit the wight but do no damage. x2; You block the wight's attack.
The wight misses you. x2; The wight hits you but does no damage.
The wight hits you with a +0 battleaxe!
* * * LOW HITPOINT WARNING * * *
The wight hits you but does no damage.
You hit the wight but do no damage.
The wight is moderately damaged.
You closely miss the wight. x2; The wight barely misses you.
The wight hits you with a +0 battleaxe!
* * * LOW HITPOINT WARNING * * *
The wight hits you with a +0 scimitar.
* * * LOW HITPOINT WARNING * * *
You hit the wight.
The wight is heavily damaged.
You closely miss the wight. x2; The wight closely misses you. x2
The wight hits you with a +0 scimitar.
* * * LOW HITPOINT WARNING * * *
You hit the wight but do no damage. You headbutt the wight.
The wight is heavily damaged.
You hit the wight. x2; The wight closely misses you. x2
The wight hits you with a +0 scimitar.
You die...

...#............
###........###..........
........................
...........>...........#
........................
............#......<....
...........<#...........
......zz.....#.......#..
......z@.....#......##..
..........?.##....#####.
....................##..
.....(..........####..#.
................# ##...
...............## ##....
.../..#...###...# #.....
!.....###.. ....# #.....
.. ## ..#..# ##....


You could see 3 wights.

Vanquished Creatures
  A steam dragon (D:5)
  A black bear (D:5)
  A phantom (D:5)
  2 scorpions (D:5)
  2 hounds
  2 iguanas (D:5)
  2 river rats (D:4)
  5 adders
  A white imp (D:5)
  3 dart slugs
  2 worms (D:4)
  4 orcs
  4 ball pythons
  5 endoplasms
  2 giant cockroaches
  5 goblins
  2 hobgoblins (D:1)
  4 jackals (D:4)
  11 kobolds
  3 quokkas
  3 bats
  6 frilled lizards
  5 rats
76 creatures vanquished.

Notes
Turn   | Place    | Note
-------+----------+-------------------------------------------
     0 | D:1      | bande the Gargoyle Fighter began the quest for the Orb.
     0 | D:1      | Reached XP level 1. HP: 14/14 MP: 1/1
   305 | D:1      | Reached XP level 2. HP: 16/19 MP: 2/2
   627 | D:1      | Reached XP level 3. HP: 23/23 MP: 3/3
  1546 | D:2      | Found a glowing golden altar of the Shining One.
  1599 | D:2      | Reached XP level 4. HP: 29/29 MP: 4/4
  2102 | D:3      | Found Ovvoemn's Armour Shoppe.
  2299 | D:3      | Found Iczec's Jewellery Shoppe.
  2438 | D:3      | Found Woujyhog's Antique Armour Boutique.
  2918 | D:4      | You fall into a shaft and drop 1 floor!
  2918 | D:5      | Entered Level 5 of the Dungeon
  2948 | D:5      | Noticed a black bear
  2949 | D:5      | Noticed a steam dragon
  2955 | D:5      | Killed a black bear
  2956 | D:5      | Reached XP level 5. HP: 12/33 MP: 5/5
  2960 | D:5      | Killed a steam dragon
  2961 | D:5      | Reached XP level 6. HP: 8/38 MP: 6/6
  4109 | D:5      | Reached skill level 5 in Armour
  4109 | D:5      | Reached XP level 7. HP: 24/44 MP: 7/7
  4609 | D:5      | Gained mutation: You are weak. (Str -2) [potion of
                  | mutation]
  4609 | D:5      | Gained mutation: You have a pair of small horns on your
                  | head. [potion of mutation]
  4632 | D:5      | Reached skill level 5 in Axes
  4913 | D:5      | HP: 2/44 [wight/+0 scimitar (2)]
  4915 | D:5      | Slain by a wight

Illustrated notes

Levels and vault maps discovered:
D:1:      minmay_arrival_solitary_statue, layout_loops_corners,
          dreamdust_wishing_well
D:2:      layout_loops_cross, basic_altar, minivault_26
D:3:      layout_basic, serial_glass, glass_columns_b, glass_columns_a,
          serial_shops, nicolae_shop_advertising_works
          [nicolae_subvault_shop_adworks], shop, shop, serial_park_tiny_2,
          kennysheep_boxes
D:4:      layout_cave_pods, lightli_sewer_entry_pipes, grunt_ministairs_2,
          serial_bayou_crossing
D:5:      layout_cave_pools

Skill      XL: |  1  2  3  4  5  6  7 |
---------------+----------------------+-----
Axes           | 2 3 4 5 |  5.0
Armour         | 4 5 |  5.2
Shields        | 4 |  4.6
Fighting       | 4 |  4.8

Action                   |  1- 3 |  4- 6 |  7- 9 || total
-------------------------+-------+-------+-------++-------
Melee: War axe           |    59 |       |       ||    59
       Hand axe          |    47 |   149 |    28 ||   224
       Headbutt          |       |       |     9 ||     9
  Use: Scroll            |     5 |     6 |     1 ||    12
       Potion            |       |       |     1 ||     1
Armor: Scale mail        |    39 |    74 |    17 ||   130
Dodge: Dodged            |    44 |    68 |    14 ||   126
Block: Buckler           |    24 |    31 |     7 ||    62

Table legend: (Time is in decaauts)
 A = Elapsed time spent in this place.
 B = Non-inter-level travel time spent in this place.
 C = Inter-level travel time spent in this place.
 D = Time resting spent in this place.
 E = Time spent auto-exploring this place.
 F = Levels seen in this place.
 G = Mean time per level.
                   A        B        C        D        E       F      G
               +--------+--------+--------+--------+--------+-----+--------+
         Total |   5054 |   4926 |    128 |    483 |   3631 |   5 | 1010.8 |
       Dungeon |   5054 |   4926 |    128 |    483 |   3631 |   5 | 1010.8 |
               +--------+--------+--------+--------+--------+-----+--------+

Top non-repeatable levels by time:
     D:1: 1284 daAuts
     D:4: 1241 daAuts
     D:5: 914 daAuts
     D:3: 843 daAuts
     D:2: 770 daAuts
